 Dungeon Crawl Stone Soup version 0.22-a0-283-g1871b15 (webtiles) character file.

49 nikopol the Firebug (level 3, 0/19 HPs)
             Began as a Deep Elf Fire Elementalist on Mar 18, 2018.
             Killed by nerve-wracking pain
             ... invoked by an orc priest
              (12 damage)
             ... on level 3 of the Dungeon.
             The game lasted 00:03:47 (1358 turns).

nikopol the Firebug (Deep Elf Fire Elementalist)    Turns: 1358, Time: 00:03:47

Health: 0/19       AC:  2    Str:  5    XL:     3   Next: 53%
Magic:  3/10       EV: 13    Int: 20    God:
Gold:   90         SH:  0    Dex: 15    Spells: 8/9 levels left

rFire    . . .     SeeInvis .   (no weapon)
rCold    . . .     Gourm    .   (no shield)
rNeg     . . .     Faith    .   a - +0 robe
rPois    .         Spirit   .   (no helmet)
rElec    .         Reflect  .   (no cloak)
rCorr    .         Harm     .   (no gloves)
MR       .....                  (no boots)
Stlth    ++........             (no amulet)
HPRegen  0.06/turn              (no ring)
MPRegen  0.12/turn              (no ring)

@: no status effects
A: no striking features
a: no special abilities


You were on level 3 of the Dungeon.
You were not hungry.

You visited 1 branch of the dungeon, and saw 3 of its levels.

You collected 90 gold pieces.

Inventory:

Armour
 a - a +0 robe (worn)
Scrolls
 e - 3 scrolls of identify {unknown}
 f - a scroll of teleportation {unknown}
 j - 3 scrolls of remove curse {unknown}
 k - a scroll of blinking {unknown}
Potions
 b - 2 potions of cancellation {unknown}
 d - a potion of agility {unknown}
 g - a potion of lignification {unknown}
 i - a potion of heal wounds {unknown}
Comestibles
 c - 3 rations


   Skills:
 + Level 2.7 Dodging
 + Level 2.7 Stealth
 + Level 3.8 Spellcasting
 + Level 1.6 Conjurations
 + Level 4.1 Fire Magic


You had 8 spell levels left.
You knew the following spells:

 Your Spells              Type           Power        Failure   Level  Hunger
a - Flame Tongue          Conj/Fire      ###..        4%          1    None


Dungeon Overview and Level Annotations

Branches:
Dungeon (3/15)

Altars:


Message History

The orc priest is moderately wounded.
The orc priest hits you from afar with a trident!
The orc priest looks braver for a moment.
Casting: Flame Tongue (safe; 4% risk of failure)
Confirm with . or Enter, or press ? or * to list all spells.
Aiming: Flame Tongue (safe; 4% risk of failure)
Press: ? - help, Shift-Dir - straight line, f/p - orc priest
Aim: an orc priest, wielding a trident (moderately wounded)
The flame tongue hits the orc.
The orc is severely wounded.
Casting: Flame Tongue (safe; 4% risk of failure)
Confirm with . or Enter, or press ? or * to list all spells.
Aiming: Flame Tongue (safe; 4% risk of failure)
Press: ? - help, Shift-Dir - straight line, f/p - orc priest
Aim: an orc priest, wielding a trident (moderately wounded)
Okay, then.
The orc priest calls down the wrath of Beogh upon you.
Pain shoots through your body!
Ouch! That really hurt!
You die...

#..# #####...# #..#
#...# #..#
######...#
#..##.........#
#..##...###..##
#.....)...#..###
#..............
#.........#..#
#..#....###.@#
#.........(..###.#
#......)....o.$..#
####.####.#o.###....
#.# #.#..# .. #.#
#.#.))...# #.#
....#....# #..
#....#.#### ###
##..##..


You could see an orc priest and an orc.

Vanquished Creatures
  An adder (D:2)
  2 dart slugs (D:2)
  2 leopard geckos
  3 orcs (D:3)
  5 bats
  A giant cockroach (D:2)
  2 goblins (D:1)
  5 hobgoblins
  4 kobolds (D:1)
  3 frilled lizards
  3 rats
31 creatures vanquished.

Notes
Turn   | Place    | Note
-------+----------+-------------------------------------------
     0 | D:1      | nikopol the Deep Elf Fire Elementalist began the quest for the Orb.
     0 | D:1      | Reached XP level 1. HP: 10/10 MP: 6/6
   129 | D:1      | Reached XP level 2. HP: 13/15 MP: 5/8
   585 | D:2      | Reached XP level 3. HP: 16/19 MP: 5/9
   782 | D:2      | Reached skill level 4 in Fire Magic
   990 | D:2      | Found a faded altar of an unknown god.
  1358 | D:3      | Killed from afar by an orc priest

Vault maps used:
D:1:      scummos_arrival_checkerplants, minmay_misc_feat_room,
          dk_noncrumbling_3
D:2:      chequers_ecumenical_altar_grove, item_on_display_a
D:3:      gammafunk_temple_overflow_elements, first_ration

Skill      XL: |  1  2  3 |
---------------+----------+-----
Fire Magic     | 4 |  4.1
Dodging        | |  2.7
Stealth        | |  2.7
Spellcasting   | |  3.8
Conjurations   | |  1.6

Action                   || total
-------------------------++-------
 Cast: Flame Tongue      ||    57
  Eat: Chunk             ||     1
Armor: Robe              ||     6
Dodge: Dodged            ||    17

Table legend:
 A = Spawn XP
 B = Non-spawn XP
 C = Spawn XP percentage of total XP
 D = Spawn monster count
 E = Non-spawn monster count
 F = Spawn count percentage of total count
 G = Total turns spent on level
                    A         B        C        D         E        F      G
               +---------+---------+-------+---------+---------+-------+---------
         Total |       0 |      71 |   0.0 |       0 |      31 |   0.0 |  1358
               +---------+---------+-------+---------+---------+-------+---------
           D:1 |       0 |      27 |   0.0 |       0 |      17 |   0.0 |   527
           D:2 |       0 |      33 |   0.0 |       0 |       9 |   0.0 |   780
           D:3 |       0 |      11 |   0.0 |       0 |       5 |   0.0 |    51
               +---------+---------+-------+---------+---------+-------+---------
